 Dungeon Crawl Stone Soup version 0.29-a0-878-g7b45a56547 (webtiles) character file.

Game seed: 13955398779274020749

13491 IdlyInterested the Fighter (level 11, 0/101 HPs)
             Began as a Demonspawn Artificer on July 19, 2022.
             Slain by Snorg (6 damage)
             ... on level 10 of the Dungeon.
             The game lasted 00:39:25 (11354 turns).

IdlyInterested the Fighter (Demonspawn Artificer)  Turns: 11354, Time: 00:39:26

Health: 0/101      AC: 22    Str: 18    XL:     11   Next: 76%
Magic:  0/14       EV: 12    Int: 13    God:
Gold:   1733       SH:  0    Dex: 18    Spells: 10/10 levels left

rFire   . . .      SeeInvis .   j - +3 war axe (flame)
rCold   . . .      Faith    .   (no shield)
rNeg    + . .      Spirit   +   J - +5 scale mail of Sif Muna's Fury {Rampage rN+ Dex+2}
rPois   .          Reflect  .   (helmet restricted)
rElec   .          Harm     .   u - +0 cloak {Will+}
rCorr   .          Rampage  +   (no gloves)
Will    +....                   R - +0 pair of boots "Elenwisesk" {Str+4}
Stlth   ..........              p - amulet of magic regeneration
HPRegen 0.26/turn               I - +4 ring of protection
MPRegen 0.68/turn               M - +4 ring of protection

@: confused, ambrosia-drunk
A: repulsion field 1, spiny 2, magic shield, magic regeneration, demonic touch
1, antennae 1
a: no special abilities


You were on level 10 of the Dungeon.
You visited 2 branches of the dungeon, and saw 11 of its levels.
You also visited: Ossuary and Bailey.

You collected 1733 gold pieces.

Inventory:

Hand Weapons
 j - a +3 war axe of flaming (weapon)
 t - the +3 hand axe "Hell-Harrower" {freeze, *Corrode Str+3 Dex+4}
   (You found it on level 10 of the Dungeon)

   It freezes those it strikes, dealing additional cold damage.
   It can also slow down cold-blooded creatures.
   Str:       It affects your strength (+3).
   Dex:       It affects your dexterity (+4).
   *Corrode:  It may corrode you when you take damage.
 w - a +0 war axe
Missiles
 b - 2 curare-tipped darts
 m - 6 javelins
 n - 22 poisoned darts
 q - 11 boomerangs
 G - 3 silver boomerangs
Armour
 o - +0 steam dragon scales
 u - a +0 cloak of willpower (worn)
 J - the +5 scale mail of Sif Muna's Fury (worn) {Rampage rN+ Dex+2}
   (You found it on level 5 of the Dungeon)

   Dex:       It affects your dexterity (+2).
   rN:        It protects you from negative energy.
   Rampage:   It bestows one free step when moving towards enemies.
 N - a +0 crystal plate armour
 O - a +0 helmet
 P - a +1 scale mail of fire resistance
 R - the +0 pair of boots "Elenwisesk" (worn) {Str+4}
   (You found it on level 5 of the Dungeon)

   Str:       It affects your strength (+4).
Jewellery
 a - a +4 ring of evasion
 h - an amulet of faith
 p - an amulet of magic regeneration (around neck)
 y - a ring of ice
 I - a +4 ring of protection (left hand)
 M - a +4 ring of protection (right hand)
 Q - a ring of positive energy
Wands
 c - a wand of flame (39) (quivered)
 d - a wand of charming (39)
 e - a wand of iceblast (7)
 s - a wand of polymorph (4)
 F - a wand of mindburst (9)
Scrolls
 f - 6 scrolls of fog
 l - 2 scrolls of amnesia
 v - 4 scrolls of summoning
 A - 8 scrolls of teleportation
 S - 4 scrolls of enchant weapon
 T - 3 scrolls of enchant armour
Potions
 g - 5 potions of curing
 k - 6 potions of mutation
 r - 4 potions of haste
 x - a potion of magic {unknown}
 z - a potion of berserk rage
 B - a potion of experience
 D - a potion of might
 E - 3 potions of cancellation
 K - a potion of invisibility
 L - a potion of brilliance {unknown}


   Skills:
 + Level 14.6 Fighting
 * Level 6.6 Axes
 - Level 2.0 Throwing
 + Level 4.1 Armour
 - Level 2.0 Dodging
 - Level 2.0 Stealth
 - Level 6.0 Unarmed Combat
 - Level 4.0 Invocations
 - Level 4.0 Evocations


You had 10 spell levels left.
You didn't know any spells.
Your spell library contained the following spells:

 Spells                   Type           Power      Damage    Failure   Level
 Beastly Appendage        Tmut           0%         N/A       67%         1
 Necrotise                Necr           0%         1d4       67%         1
 Wereblood                Tmut           0%         N/A       80%         2
 Spider Form              Tmut/Pois      0%         N/A       95%         3
 Stone Arrow              Conj/Erth      0%         3d7       95%         3
 Vampiric Draining        Necr           0%         2d6       95%         3
 Animate Armour           Summ/Erth      0%         N/A       100%        4
 Hailstorm                Conj/Ice       0%         3d3       100%        4
 Ice Form                 Ice/Tmut       0%         N/A       100%        4
 Agony                    Necr           0%         N/A       100%        5
 Summon Forest            Summ/Tloc      0%         N/A       100%        5
 Eringya's Noxious Bog    Tmut/Pois      0%         N/A       100%        6
 Simulacrum               Ice/Necr       0%         N/A       100%        6
 Summon Hydra             Summ           0%         N/A       100%        7
 Lehudib's Crystal Spear  Conj/Erth      0%         10d2      100%        8


Dungeon Overview and Level Annotations

Branches:
Dungeon (10/15)            Temple (1/1) D:4             Orc (0/2) D:10
Ossuary (visited)          Bailey (visited)
   Lair: D:8-11

Altars:
Ashenzari
Cheibriados
Dithmenos
Fedhas
Gozag
Hepliaklqana
Kikubaaqudgha
Makhleb
Nemelex Xobeh
Okawaru
Qazlal
Ru
Sif Muna
Trog
Uskayaw
Vehumet
Wu Jian
Xom
Yredelemnul

Shops:
D:9 =

Annotations:
D:3 1 transporter
D:10 Snorg


Innate Abilities, Weirdness & Mutations

You are surrounded by a mild repulsion field. (EV +2)
You are mostly covered in sharp spines.
When hurt, damage is shared between your health and your magic reserves.
You regenerate magic rapidly.
Your touch may inflict minor irresistible damage on your foes.
You have a pair of small antennae on your head.


Message History

Snorg is struck by your spines. Snorg bites you!!
* * * LOW HITPOINT WARNING * * *
Snorg claws you but does no damage. Snorg claws you.
* * * LOW HITPOINT WARNING * * *
You feel much better. Snorg is struck by your spines.
Snorg bites you but does no damage. Snorg claws you.
* * * LOW HITPOINT WARNING * * *
Snorg claws you!
* * * LOW HITPOINT WARNING * * *
You are confused.
You feel invigorated. Snorg is struck by your spines.
Snorg bites you but does no damage. Snorg claws you but does no damage.
Snorg claws you!
* * * LOW HITPOINT WARNING * * *
Snorg is struck by your spines. Snorg closely misses you.
Snorg claws you but does no damage. x2
Snorg is struck by your spines. Snorg bites you but does no damage.
Snorg closely misses you. Snorg misses you. Snorg bites you but does no damage.
Snorg barely misses you. x2
Snorg rages.
You barely miss Snorg. Your touch misses Snorg.
Snorg is severely wounded.
Snorg bites you but does no damage. Snorg claws you but does no damage.
Snorg claws you.
* * * LOW HITPOINT WARNING * * *
Snorg bites you but does no damage. Snorg claws you!
* * * LOW HITPOINT WARNING * * *
Snorg claws you.
* * * LOW HITPOINT WARNING * * *
You're too confused to move!
Snorg bites you!
* * * LOW HITPOINT WARNING * * *
Snorg closely misses you. Snorg claws you.
* * * LOW HITPOINT WARNING * * *
Snorg bites you but does no damage. Snorg claws you.
* * * LOW HITPOINT WARNING * * *
Snorg claws you but does no damage.
You slice Snorg!! You burn Snorg.
You touch Snorg!
Snorg is almost dead.
Snorg bites you!
You die...

#..# #...........# #.#
# #..# #...........#
#.# # #..#
#!..........# #.# #
#).# #...........# #.#
# #..# #........"..#
#.# # #..#
#?..........# #.# #
#..# #...........# #.#
# #..# #...T.......#
#.# # #..#
#....@......# #.# #
#..# #...........# #.#
# #..# #...........#
#.# #
######..###.........(.#
#.# #
#)....................#
#.# #
#######################
### #


You could see Snorg (berserk).

Vanquished Creatures
  3 two-headed ogres (D:10)
  Erica (D:9)
  The ghost of Selrock the Ruffian, a novice TrMo of Dithmenos (D:7)
  Pikel (D:6)
  An ugly thing (D:10)
  2 orc knights (Bailey)
  2 cyclopes
  Joseph (D:8)
  Prince Ribbit (D:8)
  Sigmund (D:2)
  A shadow (D:10)
  3 wraiths (D:10)
  A wyvern (D:7)
  A vampire (D:10)
  Grum (D:8)
  9 yaks (D:10)
  A human (D:7)
  2 fire bats (D:4)
  2 steam dragons
  2 swamp worms (D:8)
  2 acid dragons (D:9)
  Duvessa (D:4)
  2 orc warriors (Bailey)
  A sky beast (D:7)
  2 ogres
  An ice beast (D:8)
  A centaur (D:9)
  2 wolves (D:8)
  A lemure (D:6)
  A phantom (D:6)
  3 kobold brigands
  4 scorpions
  A necrophage (D:7)
  A bullfrog (D:6)
  5 water moccasin zombies (Ossuary)
  8 wights
  Dowan (D:4)
  4 killer bees (D:9)
  9 howler monkeys
  3 jellies
  A hound (D:5)
  Crazy Yiuf (D:4)
  2 orc priests (D:4)
  2 gnoll boudas
  An iguana (D:5)
  4 orc wizards
  Robin (D:4)
  2 mummies (Ossuary)
  9 gnolls
  7 adders
  4 white imps
  2 adder zombies (Ossuary)
  2 worms (D:4)
  A dart slug (D:3)
  45 orcs
  A bat (D:1)
  7 endoplasms
  4 giant cockroaches
  3 gnoll zombies (Ossuary)
  22 goblins
  11 hobgoblins
  10 jackals
  2 quokkas
  3 ball pythons
  3 frilled lizards
  7 hobgoblin zombies (Ossuary)
  23 kobolds
  6 kobold zombies (Ossuary)
  4 orc zombies (Ossuary)
  A rat (D:1)
  A spectral hobgoblin (D:7)
282 creatures vanquished.

Vanquished Creatures (collateral kills)
  An orc knight (Bailey)
  A gnoll (D:7)
2 creatures vanquished.

Vanquished Creatures (others)
  A yak (D:10)
  2 orc warriors (Bailey)
  3 plants (D:8)
6 creatures vanquished.

Grand Total: 290 creatures vanquished

Notes
Turn   | Place    | Note
-------+----------+-------------------------------------------
     0 | D:1      | IdlyInterested the Demonspawn Artificer began the quest for
                  | the Orb.
     0 | D:1      | Reached XP level 1. HP: 15/15 MP: 1/1
    89 | D:1      | Reached skill level 1 in Stealth
   134 | D:1      | Gained mutation: You regenerate magic rapidly. [demonic
                  | ancestry]
   134 | D:1      | Reached XP level 2. HP: 18/22 MP: 2/2
   251 | D:1      | Reached skill level 2 in Fighting
   428 | D:1      | Reached skill level 1 in Throwing
   797 | D:1      | Gained mutation: You are surrounded by a mild repulsion
                  | field. (EV +2) [demonic ancestry]
   797 | D:1      | Reached XP level 3. HP: 28/28 MP: 3/3
  1072 | D:2      | Reached skill level 1 in Invocations
  1093 | D:2      | Reached skill level 3 in Fighting
  1454 | D:2      | Noticed Sigmund
  1466 | D:2      | Killed Sigmund
  1467 | D:2      | Reached skill level 5 in Fighting
  1467 | D:2      | Gained mutation: You are partially covered in sharp spines.
                  | [demonic ancestry]
  1467 | D:2      | Reached XP level 4. HP: 24/39 MP: 5/5
  1467 | D:2      | Reached XP level 5. HP: 28/44 MP: 6/6
  2049 | D:3      | Found a sparkling altar of Nemelex Xobeh.
  2049 | D:3      | Found a transporter.
  2050 | D:3      | Noticed a black bear
  2131 | D:3      | Reached XP level 6. HP: 45/51 MP: 7/7
  2133 | D:3      | Found an opulent altar of Gozag.
  2899 | D:4      | Found a radiant altar of Vehumet.
  2901 | D:4      | Found a blossoming altar of Fedhas.
  2917 | D:4      | Found a staircase to the Ecumenical Temple.
  2917 | D:4      | You fall into a shaft and drop 3 floors!
  2919 | D:7      | Identified a scroll of acquirement
  2919 | D:7      | Acquired 937 gold pieces
  2934 | D:7      | Reached skill level 1 in Dodging
  2980 | D:7      | Found a sand-covered staircase.
  2989 | Ossuary  | Entered an ossuary
  2994 | Ossuary  | Reached skill level 6 in Fighting
  3197 | Ossuary  | Reached XP level 7. HP: 59/59 MP: 8/8
  3211 | Ossuary  | Reached skill level 7 in Fighting
  3438 | Ossuary  | Gained mutation: You have a pair of small antennae on your
                  | head. [potion of mutation]
  3498 | D:6      | Noticed Pikel
  3504 | D:6      | Killed Pikel
  3505 | D:6      | Reached skill level 8 in Fighting
  3505 | D:6      | Gained mutation: When hurt, damage is shared between your
                  | health and your magic reserves. [demonic ancestry]
  3505 | D:6      | Reached XP level 8. HP: 47/69 MP: 9/9
  3733 | D:6      | Found a burning altar of Makhleb.
  3842 | D:6      | Reached skill level 9 in Fighting
  4747 | D:5      | Entered Level 5 of the Dungeon
  4884 | D:4      | Noticed Robin
  4892 | D:4      | Killed Robin
  5029 | D:4      | Noticed Duvessa
  5029 | D:4      | Noticed Dowan
  5033 | D:4      | Killed Dowan
  5036 | D:4      | Killed Duvessa
  5037 | D:4      | Reached skill level 10 in Fighting
  5262 | D:4      | Found a transporter.
  5456 | Temple   | Entered the Ecumenical Temple
  5620 | D:4      | Found a runed translucent door.
  5621 | D:4      | Noticed Crazy Yiuf
  5627 | D:4      | Killed Crazy Yiuf
  5695 | D:4      | Found a transporter.
  5806 | D:4      | Gained mutation: Your touch may inflict minor irresistible
                  | damage on your foes. [demonic ancestry]
  5806 | D:4      | Reached XP level 9. HP: 79/79 MP: 12/12
  6234 | D:5      | Reached skill level 1 in Unarmed Combat
  6275 | D:5      | Reached skill level 11 in Fighting
  6610 | D:5      | Identified the +5 scale mail of Sif Muna's Fury {Rampage
                  | rN+ Dex+2}
  6893 | D:5      | Identified the +0 pair of boots "Elenwisesk" {Str+4}
  7389 | D:7      | Found a runed translucent door.
  7391 | D:7      | Found a basalt altar of Yredelemnul.
  7647 | D:7      | Reached skill level 12 in Fighting
  7732 | D:7      | Found a hazy altar of Hepliaklqana.
  7985 | D:7      | Found a runed translucent door.
  7985 | D:7      | Noticed Selrock's ghost (novice TrMo)
  7985 | D:7      | Noticed a cyclops
  8000 | D:7      | Killed Selrock's ghost
  8001 | D:7      | Gained mutation: You are mostly covered in sharp spines.
                  | [demonic ancestry]
  8001 | D:7      | Reached XP level 10. HP: 32/91 MP: 13/13
  8003 | D:7      | Killed a cyclops
  8442 | D:8      | Reached skill level 13 in Fighting
  8466 | D:8      | Noticed Grum
  8480 | D:8      | Killed Grum
  8604 | D:8      | Noticed Prince Ribbit
  8608 | D:8      | Killed Prince Ribbit
  8684 | D:8      | Noticed Joseph
  8691 | D:8      | Killed Joseph
  9173 | D:9      | Found Fouklyunn's Jewellery Boutique.
  9526 | D:9      | Reached skill level 1 in Axes
  9720 | D:9      | Noticed Erica
  9731 | D:9      | Killed Erica
 10131 | D:9      | Reached skill level 14 in Fighting
 10244 | D:10     | Entered Level 10 of the Dungeon
 10259 | D:10     | Noticed a cyclops
 10268 | D:10     | Noticed a brown ugly thing
 10268 | D:10     | Killed a cyclops
 10269 | D:10     | Reached XP level 11. HP: 79/100 MP: 10/14
 10298 | D:10     | Noticed a two-headed ogre
 10310 | D:10     | Killed a brown ugly thing
 10311 | D:10     | Reached skill level 5 in Unarmed Combat
 10316 | D:10     | Killed a two-headed ogre
 10317 | D:10     | Reached skill level 5 in Axes
 10343 | D:10     | Identified the +3 hand axe "Hell-Harrower" {freeze,
                  | *Corrode Str+3 Dex+4}
 10352 | D:10     | Noticed a two-headed ogre
 10357 | D:10     | Killed a two-headed ogre
 10400 | D:10     | Noticed a two-headed ogre
 10408 | D:10     | Killed a two-headed ogre
 10634 | D:10     | Found a flagged portal.
 10636 | D:10     | Found a staircase to the Orcish Mines.
 10643 | Bailey   | Entered a bailey
 10933 | Bailey   | Noticed an orc knight
 10942 | Bailey   | Killed an orc knight
 10962 | Bailey   | Noticed an orc knight
 10968 | Bailey   | Noticed an orc knight
 10971 | Bailey   | Killed an orc knight
 10980 | Bailey   | Killed an orc knight
 11329 | D:10     | Noticed Snorg
 11344 | D:10     | HP: 1/101 [Snorg (12)]
 11353 | D:10     | HP: 5/101 [Snorg (9)]
 11353 | D:10     | HP: 1/101 [Snorg (3)]
 11354 | D:10     | Slain by Snorg

Illustrated notes

Levels and vault maps discovered:
D:1:      amcnicky_arrival_wind_blow, layout_loops_cross
D:2:      layout_loops_ring, uniq_sigmund
D:3:      layout_loops_ring, mainiacjoe_overflow_six_doors_small,
          mainiacjoe_overflow_brackets, grunt_nemelex_the_gamble
D:4:      gammafunk_cloud_chamber, layout_gridville, grunt_temple_overflow_open,
          minmay_temple_entry_grid, bh_walls_and_bars, uniq_robin,
          uniq_crazy_yiuf_cottage, uniq_duvessa
D:5:      layout_gridville, chequers_serial_rivers_micro_c
D:6:      layout_basic, general_overflow_altar, uniq_pikel
D:7:      layout_loops_cross, dk_yredelemnul_ordeal,
          nicolae_hepliaklqana_monster_ancestors, ebering_ghost_inner_flame,
          lightli_ossuary_entry_decrepit_ruins
D:8:      layout_rooms, worms_lemuel, uniq_grum, uniq_prince_ribbit1,
          uniq_joseph
D:9:      layout_irregular_city, serial_shops, shop, uniq_erica
D:10:     layout_long_grid, orc_0_dummy, enter_bailey_5, grunt_potential,
          uniq_snorg
Temple:   jpeg_temple_clearing

Skill      XL: |  1  2  3  4  5  6  7  8  9 10 11 |
---------------+----------------------------------+-----
Stealth        | 1 2 |  2.0
Fighting       | 2 5 6 8 10 12 14 | 14.6
Throwing       | 1 2 |  2.0
Invocations    | 2 4 |  4.0
Armour         | 2 4 |  4.1
Dodging        | 2 |  2.0
Evocations     | 4 |  4.0
Unarmed Combat | 4 6 |  6.0
Axes           | 3 6 |  6.6

Action                   |  1- 3 |  4- 6 |  7- 9 | 10-12 || total
-------------------------+-------+-------+-------+-------++-------
Melee: War axe           |    85 |    55 |   214 |   174 ||   528
       Short sword       |     6 |       |       |       ||     6
       Punch             |       |     1 |     3 |    14 ||    18
       Touch             |       |       |    25 |    33 ||    58
Evoke: Wand              |       |       |       |    30 ||    30
  Use: Scroll            |     2 |     7 |     9 |     4 ||    22
       Potion            |       |     1 |     3 |     4 ||     8
 Stab: Confused          |       |     1 |       |       ||     1
       Distracted        |       |       |     1 |       ||     1
Armor: Ring mail         |    40 |    19 |    17 |       ||    76
       Leather armour    |     5 |       |       |       ||     5
       Scale mail        |       |       |   116 |    98 ||   214
Dodge: Dodged            |    54 |    55 |   145 |   115 ||   369

Table legend: (Time is in decaauts)
 A = Elapsed time spent in this place.
 B = Non-inter-level travel time spent in this place.
 C = Inter-level travel time spent in this place.
 D = Time resting spent in this place.
 E = Time spent auto-exploring this place.
 F = Levels seen in this place.
 G = Mean time per level.
                   A        B        C        D        E       F      G
               +--------+--------+--------+--------+--------+-----+--------+
         Total |  11609 |  10401 |   1208 |   1947 |   5656 |  13 |  893.0 |
       Dungeon |  10422 |   9231 |   1191 |   1216 |   5601 |  10 | 1042.2 |
        Temple |     86 |     69 |     17 |      0 |     55 |   1 |   86.0 |
       Ossuary |    473 |    473 |      0 |    311 |      0 |   1 |  473.0 |
        Bailey |    626 |    626 |      0 |    420 |      0 |   1 |  626.0 |
               +--------+--------+--------+--------+--------+-----+--------+

Top non-repeatable levels by time:
     D:6: 1386 daAuts
     D:7: 1312 daAuts
     D:4: 1222 daAuts
     D:2: 1074 daAuts
     D:5: 1065 daAuts
     D:3: 1040 daAuts
     D:9: 1006 daAuts
     D:1: 975 daAuts
     D:8: 825 daAuts
  Bailey: 626 daAuts
    D:10: 512 daAuts
 Ossuary: 473 daAuts
  Temple: 86 daAuts
